[Event "*** Titled Tuesday 3|2 Blitz"]
[Site "Chess.com"]
[Date "2016.03.01"]
[Round "5"]
[White "SabinoBrunello"]
[Black "KNVB"]
[Result "0-1"]
[WhiteElo "2461"]
[BlackElo "2365"]
[TimeControl "180+2"]
[EndTime "12:34:16 PST"]
[Termination "KNVB won by resignation"]

1. d4 e6 2. Nf3 Nf6 3. Bf4 d6 4. e3 Nh5 5. Bg3 Nxg3 6. hxg3 g6 7. c3 Bg7 8. Nbd2 a6 9. Bd3 Nd7 10. Qe2 b6 11. e4 Bb7 12. Qe3 Qe7 13. a4 Nf6 14. Qg5 Nd7 15. Qe3 Nf6 16. Qe2 O-O 17.
e5 dxe5 18. dxe5 Nd7 19. Rh4 Rfd8 20. Be4 Bxe4 21. Rxe4 Nc5 22. Rd4 Qe8 23. a5 b5 24. Ne4 Nb3 25. Rxd8 Rxd8 26. Rd1 Nxa5 27. Nf6+ Bxf6 28. exf6 Nc4 29. b3 Rxd1+ 30. Qxd1 Nd6 31. Ne5 Qd8 32. Qf3 Ne8 33. Ng4 h5 34. Ne5 Qxf6 35.
Qe3 Qe7 36. f4 c5 37. Qe4 Kg7 38. Qa8 b4 39. c4 Nf6 40. Ke2 Qd6 41. Qa7 Qf8 42. Qxa6 Ng4 43. Nd3 Nf6 44. Qa1 Qd6 45. Qe5 Qxe5+ 46. Nxe5 Ne4 47. Nd3 f5 48. Ke3 Kf6 49.
Kf3 Nd2+ 50. Ke2 Nxb3 51. Ke3 Ke7 52. Kf2 Kd6 53. Ke3 Na5 54. Nb2 e5 55. fxe5+ Kxe5 56. Nd3+ Kd6 57. Nb2 g5 58. Kd3 Nc6 59. Ke3 Ne5 60.
Ke2 Ke6 61. Ke3 Kd6 62. Ke2 f4 63. gxf4 gxf4 64. Kf2 h4 65. Ke2 Ke6 66. Kf2 Kf5 67.
Ke2 Ke4 68. Kf2 Kd4 0-1

[Event "*** Titled Tuesday 3|2 Blitz"]
[Site "Chess.com"]
[Date "2016.03.01"]
[Round "5"]
[White "spectralsoul"]
[Black "dretch"]
[Result "0-1"]
[WhiteElo "2572"]
[BlackElo "2518"]
[TimeControl "180+2"]
[EndTime "12:34:24 PST"]
[Termination "dretch won by resignation"]

1. c4 c6 2. Nf3 d5 3. d4 Nf6 4.
Nc3 dxc4 5. a4 e6 6. e3 c5 7.
Bxc4 Nc6 8. O-O cxd4 9. exd4 Be7 10. Qe2 O-O 11. Rd1 Nb4 12. Ne5 Bd7 13. d5 exd5 14.
Nxd5 Nbxd5 15. Bxd5 Nxd5 16. Rxd5 Bg4 17. Qc4 Qxd5 18. Qxd5 Rad8 19. Qxd8 Rxd8 20. Be3 Rd1+ 21. Rxd1 Bxd1 22. Bxa7 Bxa4 23. Bd4 f6 24. Nd3 Kf7 25. f3 Ke6 26. Kf2 Kd5 27. Ke3 Kc4 28. Nf4 Bd7 29. Ne2 b5 30. g3 Bf5 31. Nc3 b4 32. Ne4 Kb3 33. Nc5+ Kc2 34. g4 Bc8 35. h4 b3 36.
Nd3 Bd6 37. h5 f5 38. g5 Ba6 39. Ne5 Bb4 40. g6 Bd2+ 41. Kf2 hxg6 42. hxg6 Bc1 43. Nc6 Bxb2 44. Nb4+ Kb1 45. Bxb2 Kxb2 46. Nxa6 Ka3 47. Nc7 b2 48. Nb5+ Kb4 49. Nd4 b1=Q 50. Nxf5 Qxf5 0-1

[Event "*** Titled Tuesday 3|2 Blitz"]
[Site "Chess.com"]
[Date "2016.03.01"]
[Round "5"]
[White "GianmarcoVaR"]
[Black "petrpalachev"]
[Result "1-0"]
[WhiteElo "2328"]
[BlackElo "2263"]
[TimeControl "180+2"]
[EndTime "12:34:28 PST"]
[Termination "GianmarcoVaR won by resignation"]

1. d4 Nf6 2. Nf3 d5 3. c4 e6 4. g3 Bb4+ 5. Bd2 Be7 6. Bg2 O-O 7. Qc2 Nbd7 8. O-O c6 9. Rd1 b6 10.
b3 Bb7 11. Nc3 Rc8 12. e4 dxe4 13. Nxe4 c5 14. Nxf6+ Nxf6 15. dxc5 Be4 16. Qb2 Bxc5 17. Bc3 Qe7 18. Qe2 Bb7 19. Ne5 Bxg2 20. Kxg2 Qb7+ 21. Qf3 Qxf3+ 22. Kxf3 a5 23. g4 Rfd8 24. g5 Ne8 25.
Nd7 Be7 26. Nxb6 Rxd1 27. Rxd1 Rc6 28. Bxa5 Bxg5 29. b4 f5 30. c5 Nc7 31. Rd7 Nb5 32. Nc4 Bf6 33. Nd6 Nd4+ 34. Ke3 e5 35. a4 h5 36. Kd3 e4+ 37. Kc4 Ne6 38. Nxf5 Rc8 39. Nd6 Rf8 40. Nxe4 Be5 41. Re7 Rf4 42. Rxe6 Rxe4+ 43. Kd5 Rd4+ 44. Kxe5 Rd2 45. c6 Rxf2 46. c7 Rc2 47. Re8+ Kh7 48. c8=Q Rxc8 49. Rxc8 h4 50. Kf5 h3 51. Kg5 g6 52. Rc7+ Kg8 53. b5 Kf8 54. b6 1-0

[Event "*** Titled Tuesday 3|2 Blitz"]
[Site "Chess.com"]
[Date "2016.03.01"]
[Round "5"]
[White "ftorodent"]
[Black "Aygehovit1992"]
[Result "0-1"]
[WhiteElo "2323"]
[BlackElo "2417"]
[TimeControl "180+2"]
[EndTime "12:34:44 PST"]
[Termination "Aygehovit1992 won on time"]

1. d4 g6 2. c4 Bg7 3. e4 d6 4.
Nc3 e5 5. dxe5 dxe5 6. Qxd8+ Kxd8 7. Be3 c6 8. O-O-O+ Kc7 9. Bc5 b6 10. Bd6+ Kb7 11.
f4 exf4 12. Bxf4 Ne7 13. Nf3 Na6 14. Kc2 h6 15. a3 g5 16. Bd6 Ng6 17. h4 g4 18. Nd4 Bxd4 19. Rxd4 h5 20. b4 Be6 21. c5 b5 22. e5 Nc7 23. Bd3 a5 24. Kb2 g3 25. Rf1 axb4 26. axb4 Rhg8 27. Rf3 Nf8 28. Bf5 Rg7 29. Rdd3 Bxf5 30. Rxf5 Nfe6 31. Rxh5 Rg4 32.
Kb3 Nd4+ 33. Kb2 Nde6 34. Rf5 Rxb4+ 35. Kc2 Rc4 36. Kb3 Rd4 37. Rxg3 b4 38. Na4 Rd1 39. Rxf7 Rb1+ 40. Kc2 Ra1 41. Nb2 R8a3 42. Rgg7 Rc3+ 43. Kd2 Nxg7 44. Rxc7+ Ka6 45. Rxg7 Ra2 46. e6 Rxb2+ 47. Kd1 Ra3 48. Kc1 Raa2 49. e7 b3 50. Be5 Re2 51.
Bb2 Raxb2 0-1

[Event "*** Titled Tuesday 3|2 Blitz"]
[Site "Chess.com"]
[Date "2016.03.01"]
[Round "5"]
[White "Dlugy"]
[Black "viditchess"]
[Result "1/2-1/2"]
[WhiteElo "2603"]
[BlackElo "2465"]
[TimeControl "180+2"]
[EndTime "12:34:48 PST"]
[Termination "Game drawn by repetition"]

1. d4 Nf6 2. Bf4 c5 3. d5 Qb6 4. Nc3 Qxb2 5. Bd2 Qb6 6. e4 e5 7. Rb1 Qd8 8. f4 d6 9. fxe5 dxe5 10. Nf3 Nbd7 11. a4 Bd6 12. Bd3 O-O 13. O-O a6 14. Kh1 Qc7 15. Qe2 b6 16. Bg5 Bb7 17. Nd1 Nh5 18.
Ne3 Nf4 19. Qd2 f6 20. Bh4 g6 21. Nc4 Rab8 22. Rb2 Bc8 23. Rfb1 Rf7 24. Bg3 Nh5 25. Bf2 Nf4 26. Bf1 Kg7 27. g3 Nh5 28. Bh3 b5 29. axb5 axb5 30. Nxd6 Qxd6 31. Rxb5 Rxb5 32. Rxb5 Qa6 33.
Rb1 Nb6 34. Bf1 Qa3 35. Qd3 Nc4 36. Rb3 Qc1 37. Qxc4 Ra7 38. Be3 Qa1 39. Kg2 Ba6 40.
Rb5 Bxb5 41. Qxb5 Ra2 42. Qd7+ Kg8 43. Qc8+ Kg7 44. Qc7+ Kg8 45. Qxc5 Qd1 46. Qc8+ Kg7 47. Qd7+ Kg8 48. Nd2 Rxc2 49. Qd8+ Kg7 50. Qa5 Qe1 51. Bd3 Rb2 52. Qa7+ Kg8 53. Qa8+ Kg7 54. Qa7+ Kg8 55. Qa8+ Kg7 56. Qa7+ Kg8 57. Qa8+ Kg7 58. Qa7+ 1/2-1/2

[Event "*** Titled Tuesday 3|2 Blitz"]
[Site "Chess.com"]
[Date "2016.03.01"]
[Round "5"]
[White "D-Prawira"]
[Black "KamilPlichta"]
[Result "1/2-1/2"]
[WhiteElo "2214"]
[BlackElo "2409"]
[TimeControl "180+2"]
[EndTime "12:35:07 PST"]
[Termination "Game drawn - insufficient material"]

1. Nf3 g6 2. g3 Bg7 3. Bg2 Nf6 4. O-O O-O 5. d3 d6 6. e4 c5 7. Re1 Bg4 8. h3 Bxf3 9. Qxf3 Nc6 10. c3 Rb8 11.
Qd1 b5 12. d4 Qc7 13. Be3 Nd7 14. Na3 a5 15. Nc2 b4 16. Kh2 b3 17. axb3 Rxb3 18. Ra2 Rfb8 19. Bc1 cxd4 20. Nxd4 Nxd4 21. cxd4 Qc4 22. e5 Rd3 23. Qa4 Qxa4 24. Rxa4 dxe5 25.
dxe5 Nxe5 26. Rxa5 Nc4 27. Ra7 Bf6 28. Bf1 Rd4 29. Bh6 e6 30. b4 Bg7 31. Bf4 e5 32. Bxc4 Rxc4 33. Bxe5 Bxe5 34. Rxe5 Rcxb4 35. Ree7 Rf8 36. Kg2 Rb6 37. h4 Rf6 38. f4 h5 39. Kf3 Rb8 40. Rab7 Ra8 41. Ra7 Rd8 42. Rad7 Rf8 43. g4 hxg4+ 44. Kxg4 Rf5 45. Re5 Rf6 46. h5 Kg7 47.
hxg6 Rxg6+ 48. Rg5 Ra8 49. f5 Ra4+ 50. Kh5 Rxg5+ 51.
Kxg5 Ra1 52. f6+ Kg8 53. Rd8+ Kh7 54. Rf8 Ra5+ 55. Kg4 Kg6 56. Rb8 Ra4+ 57. Kf3 Kxf6 58. Rb6+ Kg5 59. Kg3 Ra3+ 60. Kf2 f5 61. Rb8 Kg4 62.
Rb4+ f4 63. Rb2 Rh3 64. Kg2 Rh8 65. Rc2 f3+ 66. Kg1 Kg3 67. Rg2+ Kf4 68. Ra2 Kg4 69.
Ra7 Re8 70. Kf2 Re2+ 71. Kf1 Kf4 72. Rf7+ Ke3 73. Re7+ Kd2 74. Rf7 Re3 75. Kf2 Rd3 76. Rxf3 Rxf3+ 77. Kxf3 1/2-1/2

[Event "*** Titled Tuesday 3|2 Blitz"]
[Site "Chess.com"]
[Date "2016.03.01"]
[Round "5"]
[White "Silent_Terror"]
[Black "Winehouse83"]
[Result "1/2-1/2"]
[WhiteElo "2505"]
[BlackElo "2366"]
[TimeControl "180+2"]
[EndTime "12:35:08 PST"]
[Termination "Game drawn by agreement"]

1. e4 e5 2. Nf3 Nc6 3. Be2 Nf6 4. d3 Be7 5. O-O O-O 6. Re1 d6 7. c3 h6 8. Nbd2 Re8 9. Nf1 Bf8 10. Ng3 Ne7 11. Nh4 Ng6 12. Nxg6 fxg6 13. d4 Be6 14. d5 Bd7 15. c4 a5 16. b3 Be7 17. Be3 b6 18. Qc2 Ng4 19. Bd2 h5 20. f3 Nh6 21.
Be3 h4 22. Nh1 Bg5 23. Qd2 Bxe3+ 24. Qxe3 g5 25. a3 Qf6 26. b4 axb4 27. axb4 Rxa1 28. Rxa1 Rf8 29. h3 Qf4 30. Qxf4 gxf4 31. Ra7 Rc8 32. Nf2 Be8 33. b5 Kf7 34. Nd3 Ke7 35. Nb4 Kd8 36. Bd1 Ng8 37. Kf2 Nf6 38. Ba4 Rb8 39. Na6 Rc8 40.
Ke2 Nd7 41. Nb4 Nc5 42. Nc6+ Bxc6 43. bxc6 Rb8 44. Bb5 Rc8 45. Kd2 Rb8 46. Kc3 Rc8 47. Ba6 Rb8 48. Bb7 Ke8 49. Ba8 Kd8 50. Kc2 Kc8 51.
Kc3 Kd8 52. Bb7 Ke8 53. Ba6 Kd8 54. Kc2 g6 55. Kc3 Nxa6 56. Rxa6 Kc8 57. Kb4 g5 58. Kb5 Kd8 59. Ra7 Kc8 60. Ra2 Kd8 61. Ra7 Kc8 62. Ka6 Kd8 63. Rb7 Ra8+ 64. Ra7 Rb8 65. Kb5 Kc8 66. Ka4 Kd8 67. Kb4 Kc8 68. Kb5 Kd8 1/2-1/2

[Event "*** Titled Tuesday 3|2 Blitz"]
[Site "Chess.com"]
[Date "2016.03.01"]
[Round "5"]
[White "Mornar1951"]
[Black "Izoria123"]
[Result "1/2-1/2"]
[WhiteElo "2589"]
[BlackElo "2554"]
[TimeControl "180+2"]
[EndTime "12:35:09 PST"]
[Termination "Game drawn by repetition"]

1. Nf3 g6 2. e4 d6 3. d4 Nf6 4. Nc3 Bg7 5. Be2 O-O 6. O-O Bg4 7. Ng5 Bxe2 8. Qxe2 Nc6 9. Nf3 e5 10. dxe5 Nxe5 11. Nxe5 dxe5 12. Bg5 c6 13. Rfd1 Qb6 14. Na4 Qb4 15. Bxf6 Bxf6 16. b3 Rad8 17. g3 b5 18. c3 Qa3 19. Rxd8 Rxd8 20. Nb2 Qc5 21. Rc1 Bg5 22. Rc2 h5 23. h4 Bh6 24. Kg2 a5 25. c4 b4 26. Nd3 Qd4 27. Ne1 f6 28. g4 Qd1 29. gxh5 gxh5 30. Kf3 Kf7 31. Qxd1 Rxd1 32. Ke2 Rd4 33. f3 Rd8 34. Nd3 Rg8 35. Kf1 Rg3 36.
Kf2 Rh3 37. Kg2 Rxh4 38. c5 Bf4 39. Nxf4 Rxf4 40. Rd2 h4 41. Rd7+ Kg6 42. Rd6 h3+ 43. Kg3 h2 44. Kxh2 Rxf3 45. Rxc6 Rf2+ 46. Kg3 Rxa2 47.
Ra6 Ra3 48. Kf2 Rxb3 49. Rxa5 Kg5 50. c6 Rc3 51. Rb5 Rxc6 52. Rxb4 Kf4 53. Ke2 Ra6 54. Kd2 Ra2+ 55. Kd3 Ra3+ 56. Kd2 Rf3 57. Ra4 Rf2+ 58. Kd3 Rf1 59. Ra6 Rd1+ 60. Ke2 Rb1 61. Rxf6+ Kxe4 62. Ra6 Rb2+ 63. Ke1 Kf4 64. Ra4+ e4 65. Ra3 Rh2 66. Rb3 e3 67. Rb8 Kf3 68. Rf8+ Ke4 69. Re8+ Kf3 70. Rf8+ Ke4 71. Re8+ Kf3 72. Rf8+ Ke4 73. Re8+ Kf3 74. Rf8+ Ke4 75. Re8+ Kf3 1/2-1/2

[Event "*** Titled Tuesday 3|2 Blitz"]
[Site "Chess.com"]
[Date "2016.03.01"]
[Round "5"]
[White "GeorgMeier"]
[Black "BahadirOzen"]
[Result "1-0"]
[WhiteElo "2752"]
[BlackElo "2552"]
[TimeControl "180+2"]
[EndTime "12:35:15 PST"]
[Termination "GeorgMeier won by resignation"]

1. e4 d6 2. d4 Nf6 3. Nc3 e5 4.
dxe5 dxe5 5. Qxd8+ Kxd8 6. Bc4 Ke8 7. Nf3 Bd6 8. Be3 a6 9. O-O-O Nbd7 10. a4 b6 11. Ng5 Rf8 12. f3 Bb7 13. Rhe1 h6 14.
Nh3 Ke7 15. Nf2 Bc5 16. Nd3 Bxe3+ 17. Rxe3 c6 18. Ree1 a5 19. f4 Ba6 20. fxe5 Ng4 21. Bxa6 Rxa6 22. Ne2 Ngxe5 23. Nd4 g6 24. b3 Raa8 25.
Nf3 Nxf3 26. gxf3 g5 27. Kd2 Rad8 28. Ke3 Nf6 29. h4 gxh4 30. Rh1 Rg8 31. Rxh4 Rg2 32. Rd2 Rxd2 33. Kxd2 h5 34. Ke3 b5 35. Nf4 bxa4 36.
bxa4 Rh8 37. Kd4 Rb8 38. e5 Rb4+ 39. c4 Nd7 40. Rxh5 Rxa4 41. e6 fxe6 42. Nd3 Ra1 43.
Rh7+ Kd6 44. c5+ Kc7 45. Kc3 Rd1 46. Kc2 Rxd3 47. Kxd3 a4 48. Kd4 a3 49. Rh1 e5+ 50. Kc4 Nf6 51. Ra1 Nd5 52. Rxa3 Kd7 53. Ra6 Ne3+ 54.
Kd3 Nd5 55. Ke4 Nb4 56. Rb6 Na2 57. Kxe5 Nc3 58. Rb7+ Kc8 59. Rf7 Na4 60. Kd6 1-0

[Event "*** Titled Tuesday 3|2 Blitz"]
[Site "Chess.com"]
[Date "2016.03.01"]
[Round "5"]
[White "E-Shaposhnikov"]
[Black "Blitzstream"]
[Result "0-1"]
[WhiteElo "2473"]
[BlackElo "2463"]
[TimeControl "180+2"]
[EndTime "12:35:18 PST"]
[Termination "Blitzstream won by resignation"]

1. Nf3 d5 2. d4 Nf6 3. c4 c6 4. Nc3 g6 5. e4 dxe4 6. Ne5 Nbd7 7. Nxd7 Bxd7 8. Be2 Bg7 9. Be3 O-O 10. Qc2 Qa5 11. a3 e5 12. b4 Qc7 13. Rd1 exd4 14. Bxd4 Rad8 15. h3 Rfe8 16. O-O Bf5 17. Qb2 Rxd4 18. Rxd4 Nh5 19. Rdd1 Nf4 20. Rfe1 e3 21. Bf1 exf2+ 22.
Qxf2 Rxe1 23. Qxe1 Ne6 24. Ne2 Qe5 25. Ng3 Qxe1 26.
Rxe1 Bc2 27. Ne4 Be5 28. c5 Kf8 29. Nd6 Bxd6 30. cxd6 Bb3 31. b5 c5 32. Rb1 Nd4 33. Re1 Be6 34. a4 Ke8 35. a5 Kd7 36. Kf2 Kxd6 37.
Rc1 Bd5 38. g4 Ke5 39. Ke3 Nb3 40. Re1 Nxa5 41. Kd3+ Kd6 42. Kc3 Nb3 43. Re8 Nd4 44. Ra8 Kc7 45. Rxa7 Kb6 46. Ra8 Nxb5+ 47. Bxb5 Kxb5 48.
Rh8 Ka4 49. Rxh7 b5 50. h4 b4+ 51. Kd2 c4 52. Rh8 c3+ 53. Kd3 Be6 54. h5 gxh5 55.
gxh5 Bf5+ 56. Kc4 Be6+ 57. Kd3 Bf5+ 58. Kc4 Be6+ 59. Kd4 c2 60. Ra8+ Kb3 61. Ra1 Kb2 62.
Rf1 c1=Q 63. Rxc1 Kxc1 0-1

[Event "*** Titled Tuesday 3|2 Blitz"]
[Site "Chess.com"]
[Date "2016.03.01"]
[Round "5"]
[White "chessbia"]
[Black "davidarenas1224"]
[Result "0-1"]
[WhiteElo "2016"]
[BlackElo "2093"]
[TimeControl "180+2"]
[EndTime "12:35:20 PST"]
[Termination "davidarenas1224 won by resignation"]

1. d4 Nf6 2. c4 g6 3. Nc3 Bg7 4. e4 d6 5. Bd3 O-O 6. Nge2 a6 7.
a4 e5 8. d5 a5 9. O-O Na6 10.
Kh1 Nc5 11. Bc2 Nfd7 12. Ra3 b6 13. f4 exf4 14. Bxf4 Ne5 15. b3 Bg4 16. h3 Bd7 17. Nb5 Rc8 18. Ned4 Qh4 19. Bxe5 Bxe5 20. Nf3 Qg3 21.
Nxe5 Qxe5 22. Qa1 Qxa1 23. Raxa1 Bxb5 24. axb5 Rce8 25. Rae1 f6 26. g4 Kg7 27. Kg2 Re5 28. Kg3 Rfe8 29. Kf3 f5 30. gxf5 gxf5 31. Rg1+ Kf6 32.
h4 Nxe4 33. Bxe4 Rxe4 34. Rxe4 Rxe4 35. h5 Rh4 36. Rg8 Rxh5 37. Rf8+ Ke5 38. Rc8 Rh3+ 39. Ke2 Rxb3 40. Rxc7 a4 41. Rc6 a3 42. Rxb6 Ke4 43. Kd2 Kd4 44. Rxd6 Rb2+ 45. Kc1 Rh2 46. Ra6 a2 47. b6 Kxc4 48. b7 Rh1+ 49. Kb2 Rb1+ 50. Kxa2 Rxb7 51. Rf6 Kxd5 52. Rxf5+ Ke4 53. Rh5 Kf4 54.
Ka3 Kg4 55. Rh6 Kg5 56. Rh1 h5 57. Ka4 h4 58. Ka5 Kg4 59. Rc1 Rb2 60. Rc4+ Kg3 61. Rc3+ Kg2 62. Ka4 h3 63. Ka3 Rf2 64. Kb3 Rf3 0-1

[Event "*** Titled Tuesday 3|2 Blitz"]
[Site "Chess.com"]
[Date "2016.03.01"]
[Round "5"]
[White "bugsbunny444"]
[Black "MateusViageiro"]
[Result "0-1"]
[WhiteElo "2424"]
[BlackElo "2226"]
[TimeControl "180+2"]
[EndTime "12:35:24 PST"]
[Termination "MateusViageiro won by resignation"]

1. Nf3 Nf6 2. c4 e6 3. g3 b6 4. Bg2 Bb7 5. O-O Be7 6. b3 O-O 7. Bb2 c5 8. Nc3 d6 9. e3 Nbd7 10. d4 Ne4 11. Qe2 Nxc3 12. Bxc3 Bf6 13. Rfd1 Qe7 14.
Rac1 Be4 15. dxc5 dxc5 16. Ne5 Nxe5 17. Bxe4 Rad8 18. Bxe5 Bxe5 19. Bxh7+ Kxh7 20. Qh5+ Kg8 21. Qxe5 Rxd1+ 22. Rxd1 Rd8 23. Rxd8+ Qxd8 24. Qe4 Qd7 25. Kg2 f5 26. Qa8+ Kf7 27. e4 fxe4 28. Qxe4 g6 29.
h4 a6 30. Qa8 a5 31. Kh2 Qd2 32. Kg2 Qxa2 33. Qb7+ Kf6 34. Qxb6 Qa3 35. Qd8+ Kf7 36. Qd7+ Kf6 37. Qd8+ Kf7 38. Qd7+ Kf6 39. Qd1 Qb4 40.
g4 a4 41. g5+ Ke7 42. bxa4 Qxc4 43. Kg3 Qc3+ 44. Qf3 Qe5+ 45. Qf4 Qc3+ 46. Kg4 Qc2 47.
Qc7+ Ke8 48. Qc8+ Ke7 49. Qc7+ Ke8 50. Qc6+ Ke7 51. Qb7+ Kd6 52. Qb8+ Kc6 53. Qe8+ Kd6 54. Qf8+ Kc6 55. a5 Qa4+ 56. Qf4 Qxa5 57. Qe4+ Kd6 58. Qxg6 c4 59. Qe4 c3 60. Qd3+ Ke7 61. h5 Qf5+ 62.
Qxf5 exf5+ 63. Kxf5 c2 64. h6 c1=Q 65. h7 Qc2+ 0-1

[Event "*** Titled Tuesday 3|2 Blitz"]
[Site "Chess.com"]
[Date "2016.03.01"]
[Round "5"]
[White "Tesla17"]
[Black "Gevorg_Harutjunyan"]
[Result "1-0"]
[WhiteElo "2282"]
[BlackElo "2583"]
[TimeControl "180+2"]
[EndTime "12:35:44 PST"]
[Termination "Tesla17 won by checkmate"]

1. d4 Nf6 2. c4 g6 3. Nc3 Bg7 4. e4 d6 5. Be2 O-O 6. Nf3 e5 7.
O-O exd4 8. Nxd4 Re8 9. f3 Nc6 10. Be3 Nh5 11. Qd2 Nf4 12. Rfd1 Nxd4 13. Bxd4 Bxd4+ 14.
Qxd4 Nxe2+ 15. Nxe2 b6 16. Nc3 Bb7 17. Nd5 Bxd5 18.
cxd5 Qg5 19. Rac1 Re7 20. Qd2 Qh5 21. g4 Qe5 22. Rc4 Rae8 23. Rdc1 h5 24. g5 f5 25. gxf6 Qxf6 26. Kg2 Rf8 27. Rf1 g5 28. Qc3 Qf7 29. Qe3 Qg7 30. Qc3 Rf6 31. Qd4 Kh7 32. Rc2 Qg6 33.
Rcf2 Rf4 34. Qd3 Ref7 35. Kg1 g4 36. Kh1 h4 37. Qe3 Qf6 38. Kg1 g3 39. hxg3 hxg3 40. Rg2 Qh4 41. e5 dxe5 42. Qxe5 Rxf3 43. Rxf3 Rxf3 44. Qxc7+ Kh6 45. Qd6+ Kg7 46. Qe5+ Kh7 47. Qc7+ Kg8 48. Qc8+ Rf8 49. Qe6+ Rf7 50. Qe8+ Kg7 51. Qe5+ Kf8 52. Rxg3 Qh7 53. Qb8+ Ke7 54. Qc7+ Ke8 55. Qc8+ Ke7 56. Qc7+ Ke8 57. Qc8+ Ke7 58. Qe6+ Kd8 59.
Qd6+ Rd7 60. Qf8+ Kc7 61. Rc3+ Kb7 62. Qc8# 1-0

[Event "*** Titled Tuesday 3|2 Blitz"]
[Site "Chess.com"]
[Date "2016.03.01"]
[Round "5"]
[White "AdrianaNikolova"]
[Black "AndrewMcStone"]
[Result "0-1"]
[WhiteElo "2140"]
[BlackElo "1972"]
[TimeControl "180+2"]
[EndTime "12:35:54 PST"]
[Termination "AndrewMcStone won by resignation"]

1. e4 d5 2. exd5 Nf6 3. Nc3 Nxd5 4. Nxd5 Qxd5 5. Nf3 Bg4 6. Be2 Nc6 7. O-O O-O-O 8. h3 Bh5 9. d3 e5 10. Bg5 f6 11. Bh4 g5 12. Bg3 Be7 13. c4 Qd7 14.
Ne1 Bxe2 15. Qxe2 Nd4 16. Qd1 Qe6 17. Nc2 f5 18. Nxd4 Rxd4 19. Qa4 f4 20. Qxa7 Qa6 21. Qxa6 bxa6 22. Bh2 Rxd3 23. Rfe1 Bf6 24. Rad1 Rhd8 25. Rxd3 Rxd3 26. Kf1 Rd2 27. Re2 Rd1+ 28. Re1 Rd2 29. Re2 Rd1+ 30. Re1 Rd2 31. Re2 Rd1+ 32. Re1 Rxe1+ 33.
Kxe1 e4 34. b3 Kd7 35. Ke2 Kd6 36. f3 e3 37. g3 Be5 38. Bg1 Kc5 39. h4 h6 40. hxg5 hxg5 41. gxf4 gxf4 42. Kd3 Kb4 43. Ke4 Bd6 44. Kd3 Ka3 45. Kd4 Kxa2 46. c5 Bf8 47. b4 Ka3 48. Ke4 Kxb4 49. Kxf4 Bxc5 50. Ke4 e2 51.
Bxc5+ Kxc5 52. f4 e1=Q+ 53. Kf5 Qf2 54. Kg5 a5 55. f5 a4 56. Kg6 a3 57. f6 a2 58. f7 Qxf7+ 59. Kxf7 a1=Q 60. Ke6 Qd4 61. Kf7 Qd6 62. Kg7 Qe6 63. Kf8 Qd7 64. Kg8 Kd6 65. Kf8 Ke6 66. Kg8 Kf6 0-1

[Event "*** Titled Tuesday 3|2 Blitz"]
[Site "Chess.com"]
[Date "2016.03.01"]
[Round "5"]
[White "Journey_to_GrandMaster_YT"]
[Black "PowerThinking2650"]
[Result "0-1"]
[WhiteElo "2258"]
[BlackElo "2155"]
[TimeControl "180+2"]
[EndTime "12:36:28 PST"]
[Termination "PowerThinking2650 won on time"]

1. Nf3 Nf6 2. g3 g6 3. Bg2 Bg7 4. O-O O-O 5. d4 d6 6. Nc3 d5 7. Ne5 c6 8. Bg5 Be6 9. Qd2 Nbd7 10. Bh6 Nxe5 11. dxe5 Nd7 12. Bxg7 Kxg7 13. f4 f6 14. exf6+ exf6 15. e4 Nb6 16. Rad1 dxe4 17. Qe3 Qe7 18. Qxe4 Qf7 19. b3 Rfe8 20. Qf3 Rad8 21. Qf2 Bg4 22.
Bf3 Bh3 23. Bg2 Bf5 24. h3 h5 25. a4 Qe7 26. a5 Nc8 27. Rde1 Qb4 28. Nd1 Qxa5 29.
Ne3 Nd6 30. g4 hxg4 31. hxg4 Be4 32. g5 f5 33. c4 Qc3 34. Qa2 Bxg2 35. Nxg2 Rxe1 36.
Rxe1 Qd4+ 37. Kh1 Rh8+ 38. Nh4 Rxh4+ 39. Kg2 Rg4+ 40. Kh1 Qxf4 41. Qb2+ Qd4 42. Qxd4+ Rxd4 43. Re7+ Kf8 44. Rd7 a5 45. c5 Nb5 46. Rxb7 Rb4 47. Rb6 Nd4 48. Ra6 Rb5 49. Ra8+ Kf7 50. Ra7+ Ke6 51.
Rg7 f4 52. Rxg6+ Kf5 53. Rd6 Nxb3 54. g6 Rb8 55. Rxc6 a4 56. Ra6 Nxc5 57. Ra5 Kxg6 58. Rxc5 Ra8 59. Rc2 Kf5 60. Kg2 a3 61. Ra2 Ke4 62. Kf2 Kd3 63. Ke1 Kc3 64. Kd1 Kb3 65. Rf2 a2 66. Rf3+ Kb2 67. Rf2+ Kb1 68. Rxf4 a1=Q 69.
Rb4+ Qb2 70. Rxb2+ Kxb2 0-1

[Event "*** Titled Tuesday 3|2 Blitz"]
[Site "Chess.com"]
[Date "2016.03.01"]
[Round "5"]
[White "kleinebeer98"]
[Black "chessdude"]
[Result "1/2-1/2"]
[WhiteElo "2496"]
[BlackElo "2366"]
[TimeControl "180+2"]
[EndTime "12:36:53 PST"]
[Termination "Game drawn by agreement"]

1. e4 c5 2. Nf3 d6 3. d4 cxd4 4. Nxd4 Nf6 5. Nc3 a6 6. Be3 e5 7. Nb3 Be6 8. Be2 Be7 9. O-O Nbd7 10. f4 exf4 11. Bxf4 O-O 12. Qe1 Ne5 13. Rd1 Ng6 14. Bg3 Qb6+ 15. Kh1 Rac8 16. Bf2 Qc7 17. Nd4 Ne5 18.
Nf5 Bxf5 19. exf5 Rfe8 20. Bh4 Ned7 21. Qg3 d5 22. Qxc7 Rxc7 23. Bf3 Nb6 24. Rfe1 Rcc8 25. Bf2 Nc4 26. Nxd5 Nxd5 27. Bxd5 Nxb2 28. Rb1 Bf6 29. Bxb7 Rb8 30. Bxa6 Rxe1+ 31. Rxe1 Na4 32. g4 h6 33. Bc4 Nc3 34. Bb3 h5 35. h3 Nb5 36. Rg1 hxg4 37.
hxg4 Bg5 38. Rd1 Rb7 39. a4 Nc3 40. Rd3 Ne4 41. Be1 Nc5 42. Rc3 Re7 43. Rxc5 Rxe1+ 44. Kg2 Rg1+ 45. Kf3 Rf1+ 46. Ke2 Rf4 47. Rc8+ Kh7 48. Bxf7 Bf6 49. Bg6+ Kh6 50. a5 Ra4 51. Kf3 Kg5 52. Ra8 Ra3+ 53. Ke4 Kxg4 54. a6 Ra2 55. c4 Kg5 56. c5 Be7 57. Kd5 Ra5 58. a7 Bxc5 59.
Rg8 Bxa7+ 60. Kc4 Rc5+ 61. Kb4 Rc7 62. Kb5 Re7 63. Kc6 Bd4 64. Kd6 Ra7 65. Kd5 Bf6 66.
Rh8 Ra5+ 67. Ke6 Ra6+ 68. Kd7 Ra7+ 69. Kc6 Ra6+ 70. Kb5 Ra1 71. Kc4 Kf4 72. Kd5 Rd1+ 73. Ke6 Re1+ 74. Kf7 Re7+ 75. Kg8 Ke5 76. Kh7 Ra7 77.
Re8+ Kf4 78. Kg8 Rd7 79. Re6 Rd4 80. Kf7 Rd7+ 81. Ke8 Ra7 82. Rc6 Kg5 83. Rc2 Kf4 1/2-1/2

[Event "*** Titled Tuesday 3|2 Blitz"]
[Site "Chess.com"]
[Date "2016.03.01"]
[Round "5"]
[White "Spas_Kozhuharov"]
[Black "Yaacovn"]
[Result "0-1"]
[WhiteElo "2450"]
[BlackElo "2639"]
[TimeControl "180+2"]
[EndTime "12:36:59 PST"]
[Termination "Yaacovn won by checkmate"]

1. d4 Nf6 2. c4 e5 3. dxe5 Ne4 4. a3 d6 5. Bf4 Nc6 6. Nf3 g5 7. Qc2 gxf4 8. Qxe4 dxe5 9. Nc3 f5 10. Qd5 e4 11.
Qxd8+ Nxd8 12. Nd4 Bg7 13. O-O-O c6 14. g3 Bxd4 15.
Rxd4 Ne6 16. Rd1 Ke7 17. Bh3 Ng5 18. Bg2 Rg8 19. Rhg1 Be6 20. gxf4 Nf7 21. b3 Rg4 22. f3 exf3 23. Bxf3 Rxf4 24. Kd2 Kf6 25. Ke3 Rh4 26. Rg2 Ng5 27. Na4 Re8 28. Kf2 Nh3+ 29. Kf1 Nf4 30. Rf2 Bc8 31. Nc5 b6 32. Bxc6 Rg8 33. Nd7+ Ke6 34.
c5 Rhg4 35. Ke1 Rg1+ 36. Kd2 Rxd1+ 37. Kxd1 Nh3 38. Rf3 Ng5 39. Re3+ Ne4 40. cxb6 Bxd7 41. Bxe4 fxe4 42. Rxe4+ Kd6 43. bxa7 Ra8 44. Rd4+ Kc7 45.
Rh4 Rxa7 46. Rxh7 Rxa3 47. h4 Rxb3 48. h5 Rh3 49. h6 Kd6 50. Ke1 Bf5 51. Rh8 Ke5 52.
Kf2 Kf6 53. h7 Bxh7 54. Kg2 Rh6 55. Kg3 Kg7 56. Rd8 Rg6+ 57. Kf4 Ra6 58. Rd7+ Kh6 59.
e4 Bg6 60. e5 Ra4+ 61. Ke3 Re4+ 62. Kf3 Rxe5 63. Rd6 Kg5 64. Rb6 Rf5+ 65. Ke3 Ra5 66.
Rb3 Bf5 67. Rc3 Ra4 68. Rb3 Re4+ 69. Kf3 Rh4 70. Re3 Rh8 71. Kg3 Ra8 72. Rf3 Ra4 73.
Rc3 Rg4+ 74. Kf3 Rh4 75. Kg2 Be4+ 76. Kg3 Rg4+ 77. Kf2 Kf4 78. Rc4 Rg2+ 79. Kf1 Ra2 80. Rc3 Bf3 81. Ke1 Re2+ 82. Kf1 Kg3 83. Rc8 Re3 84.
Rg8+ Bg4 85. Rd8 Bh3+ 86. Kg1 Re1# 0-1

[Event "*** Titled Tuesday 3|2 Blitz"]
[Site "Chess.com"]
[Date "2016.03.01"]
[Round "5"]
[White "VerdeNotte"]
[Black "MITerryble"]
[Result "0-1"]
[WhiteElo "2528"]
[BlackElo "2637"]
[TimeControl "180+2"]
[EndTime "12:37:15 PST"]
[Termination "MITerryble won by resignation"]

1. e4 e6 2. d4 d5 3. Nd2 Be7 4. e5 c5 5. c3 cxd4 6. cxd4 Nc6 7. Bd3 Qb6 8. Ndf3 Bb4+ 9. Bd2 Nxd4 10. Nxd4 Qxd4 11. Bb5+ Kf8 12. Nf3 Bxd2+ 13. Qxd2 Qxd2+ 14. Kxd2 a6 15. Ba4 Ne7 16. Rhc1 b5 17. Bd1 Ra7 18. a4 b4 19. a5 Ke8 20. Nd4 Bd7 21. Bh5 Rf8 22. Rc5 Kd8 23. f4 f6 24. exf6 Rxf6 25.
Re1 Rc7 26. Rxc7 Kxc7 27. Ke3 Kd6 28. Be2 Bc8 29. g4 Bb7 30. g5 Nf5+ 31. Nxf5+ Rxf5 32. Bd3 Rf8 33. Bxh7 d4+ 34. Kxd4 Rxf4+ 35. Be4 Rh4 36.
Kd3 Rh3+ 37. Kc4 Rh4 38. Kd3 Rh3+ 39. Kc4 Rh4 40. Kd4 Bxe4 41. Rxe4 Rxh2 42. b3 Rc2 43. Rh4 Rc5 44. g6 Rg5 45. Kc4 Rxa5 46. Rh7 Rg5 47. Rxg7 a5 48. Rg8 Ke7 49. g7 Kf7 50.
Ra8 Kxg7 51. Kd4 Kf6 52. Rf8+ Ke7 53. Ra8 Kf7 54. Kc4 Rd5 55. Ra6 Kf6 56. Ra8 Ke5 57. Ra7 Kf5 58. Ra6 Re5 59. Kd4 Re4+ 60. Kd3 Re5 61. Kd4 Kf6 62. Ra8 Rh5 63. Rf8+ Ke7 64. Ra8 Rh3 65. Rxa5 Rxb3 66. Kc4 Rb1 67. Rb5 Kf6 68. Rb8 Kf5 69. Rb6 e5 70. Kd3 b3 71.
Rb8 Rd1+ 72. Ke2 Rb1 73. Kd3 Ke6 74. Kc4 Rc1+ 75. Kd3 Rb1 76. Kc4 b2 77. Kb3 Kf5 78.
Kc2 Rc1+ 79. Kxb2 Rc7 80. Rf8+ Ke4 81. Re8 Kf4 82. Kb3 e4 83. Kb4 Kf3 84. Kb5 e3 85.
Kb6 Rc1 86. Rf8+ Kg2 87. Rg8+ Kf2 88. Rf8+ Ke1 89. Kb5 e2 90. Kb4 Kd2 91. Rd8+ Ke3 92. Re8+ Kf3 93. Rf8+ Kg4 94. Rg8+ Kh5 0-1